 Dungeon Crawl Stone Soup version 0.16-a0-3714-geb26cbe (console) character file.

385 mauris the Cudgeler (level 6, -2/44 HPs)
             Began as a Demonspawn Gladiator on Jan 20, 2015.
             Slain by an ogre
             ... wielding a +0 giant spiked club
              (20 damage)
             ... on level 5 of the Dungeon.
             The game lasted 00:13:32 (5864 turns).

mauris the Cudgeler (Demonspawn Gladiator)          Turns: 5864, Time: 00:13:32

Health: -2/44      AC:  5    Str: 15    XL:     6   Next: 48%
Magic:  0/6        EV: 14    Int: 10    God:
Gold:   200        SH:  0    Dex: 15    Spells: 0 memorised, 5 levels left

rFire  . . .     SeeInvis .     a - +1 flail
rCold  + . .     Clarity  .     r - +1 robe {MR+}
rNeg   . . .     SustAb   .     (no shield)
rPois  .         Gourm    .     c - +0 helmet
rElec  .         Spirit   +     (no cloak)
rCorr  .         Warding  .     q - +0 pair of gloves
rMut   .         Stasis   .     (no boots)
MR     +....                    (no amulet)
Stlth  +.........               (no ring)
                                (no ring)

@: drained, somewhat resistant to hostile enchantments, very unstealthy
A: talons 1, cold resistance 1, magic shield, magic regeneration
a: no special abilities


You were on level 5 of the Dungeon.
You were very hungry.

You visited 1 branch of the dungeon, and saw 5 of its levels.

You collected 200 gold pieces.

Inventory:

Hand weapons
 a - a +1 flail (weapon)
Missiles
 g - a throwing net
 k - 41 stones (quivered)
 v - 16 poisoned needles
Armour
 b - a +0 leather armour
 c - a +0 helmet (worn)
 i - a mottled dragon hide
 q - a +0 pair of gloves (worn)
 r - a +1 robe of magic resistance (worn)
Magical devices
 n - a wand of slowing (31)
Scrolls
 e - a scroll of remove curse
 j - a scroll of identify {@r1}
 l - 2 scrolls of fog
 m - a scroll of teleportation {@r4}
Potions
 h - a potion of cancellation
 s - a potion of cure mutation {unknown}
 t - a potion of mutation {unknown}
 u - a potion of restore abilities {unknown}
Comestibles
 f - 4 bread rations
 o - a meat ration


   Skills:
 - Level 2.0(1.9) Fighting
 - Level 6.0(5.9) Maces & Flails
 - Level 1.7 Throwing
 + Level 4.0 Dodging


You had 5 spell levels left.
You didn't know any spells.

Dungeon Overview and Level Annotations

Branches:
Dungeon (5/15)
 Temple: D:4-7

Altars:
Nemelex Xobeh
Xom
Zin

Annotations:
D:3 Sigmund
D:4 exclusion: hound


Innate Abilities, Weirdness & Mutations

You have sharp toenails.
Your flesh is cold resistant.
When hurt, damage is shared between your health and your magic reserves.
You regenerate magic rapidly.


Message History

The ogre misses you.
You barely miss the ogre. You claw the ogre, but do no damage.
The ogre is heavily wounded.
The ogre barely misses you.
You hit the ogre.
The ogre is heavily wounded.
You sock the ogre!
The ogre is severely wounded.
The ogre hits you with a giant spiked club!
You barely miss the ogre. You claw the ogre, but do no damage.
The ogre is severely wounded.
The ogre misses you.
You hit the ogre. You claw the ogre, but do no damage.
The ogre is almost dead.
The ogre hits you with a giant spiked club!
* * * LOW HITPOINT WARNING * * *
You barely miss the ogre.
The ogre is almost dead.
The ogre hits you with a giant spiked club!!
You die...

#............##)..
#.#######........# #.#
#........# #.# ########.# #.#
#... ##.## #######...
#...#######...## #.....#.## .
..$............#####.....#.##
..
.......([..O1............#.##
....((........#####.....#.##
.((#######...## #.....#..( ..
##.## ############ #.#
#.......# # #.# #.......# #
#.# ##..####.#### #.#
#...#.....<..
#.####.....##.####


You could see an ogre.

Vanquished Creatures
  A scorpion (D:4)
  2 orc wizards (D:3)
  Jessica (D:2)
  A hound skeleton (D:4)
  5 adders
  10 gnolls
  3 worms
  An adder skeleton (D:4)
  4 giant geckos
  2 oozes
  3 orcs
  A bat skeleton (D:4)
  6 giant cockroaches
  10 goblins
  13 hobgoblins
  11 kobolds
  3 quokkas
  A ball python (D:1)
  11 bats
  3 giant newts
  12 rats
104 creatures vanquished.

Notes
Turn   | Place    | Note
--------------------------------------------------------------
     0 | D:1      | mauris, the Demonspawn Gladiator, began the quest for the Orb.
     0 | D:1      | Reached XP level 1. HP: 16/16 MP: 1/1
   129 | D:1      | Reached skill level 3 in Maces & Flails
   272 | D:1      | Gained mutation: When hurt, damage is shared between your health and your magic reserves. [demonic ancestry]
   272 | D:1      | Reached XP level 2. HP: 22/22 MP: 2/2
  1257 | D:2      | Reached XP level 3. HP: 24/27 MP: 3/3
  1504 | D:2      | Reached skill level 4 in Maces & Flails
  1615 | D:2      | Noticed Jessica
  1618 | D:2      | Killed Jessica
  1618 | D:2      | Gained mutation: You regenerate magic rapidly. [demonic ancestry]
  1618 | D:2      | Reached XP level 4. HP: 33/33 MP: 4/4
  2454 | D:2      | Reached skill level 5 in Maces & Flails
  2862 | D:2      | Gained mutation: You have sharp toenails. [demonic ancestry]
  2862 | D:2      | Reached XP level 5. HP: 38/38 MP: 5/5
  2957 | D:2      | Found a shimmering altar of Xom.
  3119 | D:3      | Found a sparkling altar of Nemelex Xobeh.
  3375 | D:3      | Found a glowing silver altar of Zin.
  3566 | D:3      | Noticed Sigmund
  4083 | D:4      | Reached skill level 6 in Maces & Flails
  4516 | D:4      | Gained mutation: Your flesh is cold resistant. [demonic ancestry]
  4516 | D:4      | Reached XP level 6. HP: 24/44 MP: 3/6
  4624 | D:5      | Entered Level 5 of the Dungeon
  5864 | D:5      | Slain by an ogre

Action                   |  1- 3 |  4- 6 || total
-------------------------+-------+-------++-------
Melee: Flail             |   120 |   252 ||   372
Throw: Throwing net      |     2 |     6 ||     8
       Stone             |       |     8 ||     8
  Use: Scroll            |     8 |     7 ||    15
       Potion            |       |     7 ||     7
 Stab: Held in net/web   |       |     2 ||     2
       Invisible         |       |     5 ||     5
       Sleeping          |       |     1 ||     1
  Eat: Chunk             |     2 |    13 ||    15

Vault maps used:
D:1:      dpeg_arrival_rhombus, solitary_fountain
D:2:      first_bread, tgw_xom, uniq_jessica
D:3:      lemuel_upstairs_altar, lemuel_coloured_pillars_altar,
          nemelex_diamond_rough_becter, uniq_sigmund
D:4:      minmay_overflow_temple_star_hex
D:5:      hangedman_decor_push
